 Dungeon Crawl Stone Soup version 0.23.0-33-g5e6c059fef (webtiles) character file.

Game seed: 0

12258 1994 the Thaumaturge (level 11, -9/68 HPs)
             Began as a Mummy Wizard on Feb 27, 2019.
             Was a Priest of Kikubaaqudgha.
             Mangled by a minotaur
             ... wielding the +5 hand axe "Kameq" {drain, rPois Int+2 Dex+3}
              (34 damage)
             ... in a Gauntlet.
             The game lasted 01:18:55 (16351 turns).

1994 the Thaumaturge (Mummy Wizard)                Turns: 16351, Time: 01:18:57

Health: -9/68      AC:  9    Str: 12    XL:     11   Next: 60%
Magic:  15/26      EV: 15    Int: 27    God:    Kikubaaqudgha [***...]
Gold:   587        SH:  0    Dex: 10    Spells: 0/33 levels left

rFire    . . .     SeeInvis .   K - +1 lajatang (pain)
rCold    + . .     Gourm    .   (shield currently unavailable)
rNeg     + + +     Faith    .   i - +0 leather armour
rPois    ∞         Spirit   .   G - +2 helmet {Int+3}
rElec    .         Reflect  .   e - +0 cloak
rCorr    .         Harm     .   k - +0 pair of gloves
MR       +....     NoTele   +   v - +0 pair of boots
Stlth    +++.......             (no amulet)
HPRegen  0.21/turn              B - ring "Meewaos" {-Tele rPois rF+ Stlth+}
MPRegen  0.20/turn              l - +4 ring of intelligence

@: no status effects
A: no food or potions, fire vulnerability, cold resistance 1, negative energy
resistance 3, torment resistance, unbreathing
a: Receive Corpses, Renounce Religion


You were in a Gauntlet.
You worshipped Kikubaaqudgha.
Kikubaaqudgha was most pleased with you.
You were not hungry.

You visited 3 branches of the dungeon, and saw 13 of its levels.
You also visited: Gauntlet.

You collected 587 gold pieces.

Inventory:

Hand Weapons
 d - a +2 dagger of venom
 p - a +3 quarterstaff of chaos
 z - a +2 whip of flaming
 J - a +0 demon trident of venom
 K - a +1 lajatang of pain (weapon)
Armour
 a - a +2 robe of fire resistance
 e - a +0 cloak (worn)
 i - a +0 leather armour (worn)
 k - a +0 pair of gloves (worn)
 v - a +0 pair of boots (worn)
 G - a +2 helmet of intelligence (worn)
 H - a +0 buckler of protection
Magical Staves
 E - an uncursed staff of fire
Jewellery
 l - a +4 ring of intelligence (right hand)
 B - the ring "Meewaos" (left hand) {-Tele rPois rF+ Stlth+}
   (You found it on level 9 of the Dungeon)

   [ring of stealth]

   It protects you from fire.
   It protects you from poison.
   It prevents most forms of teleportation.
   It makes you more stealthy.
 C - an uncursed ring of protection from magic
Wands
 b - a wand of random effects (11)
 r - a wand of polymorph (9)
 x - a wand of flame (37)
 y - a wand of paralysis (2)
 D - a wand of iceblast (7)
Scrolls
 c - a scroll of fog
 f - 4 scrolls of identify
 g - 5 scrolls of remove curse
 h - 2 scrolls of fear
 j - 10 scrolls of teleportation
 m - a scroll of noise {unknown}
 n - 2 scrolls of amnesia
 o - a scroll of immolation
 q - 4 scrolls of blinking {unknown}
 s - a scroll of torment
 t - a scroll of vulnerability
 u - a scroll of magic mapping
 w - a scroll of enchant weapon
 A - a scroll of enchant armour
 I - a scroll of brand weapon
Miscellaneous
 F - a phial of floods


   Skills:
 + Level 8.0 Dodging
 - Level 2.0 Stealth
 + Level 11.6 Spellcasting
 + Level 5.9 Conjurations
   Level 0.7 Summonings
 * Level 10.5 Necromancy
 - Level 0.7 Translocations
 + Level 2.8 Earth Magic


You couldn't memorise any spells.
You knew the following spells:

 Your Spells              Type           Power        Failure   Level  Hunger
a - Dispel Undead         Necr           ######..     1%          5    N/A
b - Blink                 Tloc           N/A          5%          2    N/A
c - Conjure Flame         Conj/Fire      ####....     4%          3    N/A
d - Animate Skeleton      Necr           N/A          1%          1    N/A
e - Pain                  Necr           ####         1%          1    N/A
f - Vampiric Draining     Necr           ######....   1%          3    N/A
g - Corpse Rot            Necr           N/A          1%          2    N/A
h - Swiftness             Chrm/Air       ###.....     7%          2    N/A
i - Animate Dead          Necr           N/A          1%          4    N/A
j - Bolt of Draining      Conj/Necr      ######....   4%          5    N/A
k - Borgnjor's Vile Clut  Necr/Erth      ######....   9%          5    N/A

Your spell library contained the following spells:

 Spells                   Type           Power        Failure   Level  Hunger
 Magic Dart               Conj           ####         1%          1    N/A
 Shock                    Conj/Air       ####         1%          1    N/A
 Static Discharge         Conj/Air       ####....     4%          3    N/A
 Call Imp                 Summ           ###.....     5%          2    N/A
 Mephitic Cloud           Conj/Pois/Air  ####....     6%          3    N/A
 Slow                     Hex            ###.....     7%          2    N/A
 Lightning Bolt           Conj/Air       ####......   36%         5    N/A
 Airstrike                Air            ###.......   43%         4    N/A
 Simulacrum               Ice/Necr       #####.....   63%         6    N/A

Dungeon Overview and Level Annotations

Branches:
Dungeon (11/15)            Temple (1/1) D:5            Lair (1/6) D:10
    Orc (0/2) D:10

Altars:
Ashenzari
Cheibriados
Dithmenos
Elyvilon
Fedhas
Gozag
Hepliaklqana
Kikubaaqudgha
Makhleb
Nemelex Xobeh
Okawaru
Qazlal
Ru
Sif Muna
Trog
Uskayaw
Vehumet
Wu Jian
Xom
Yredelemnul
Zin
The Shining One
Beogh

Shops:
D:5 [   D:7 :=%%?

Portals:
Trove: D:10 (give +2 storm dragon scales)

Annotations:
Gauntlet 21 runed translucent doors, 4 transporters


Innate Abilities, Weirdness & Mutations

You do not eat or drink.
Your flesh is vulnerable to fire.
You are immune to poison.
Your flesh is cold resistant. (rC+)
You are immune to negative energy. (rN+++)
You are immune to unholy pain and torment.
You can survive without breathing.


Message History

The minotaur gores you but does no damage.
Casting: Vampiric Draining (safe; 1% risk of failure)
Confirm with . or Enter, or press ? or * to list all spells.
Aiming: Vampiric Draining (safe; 1% risk of failure)
Press: ? - help, Shift-Dir - straight line, f/p - minotaur
Aim: a minotaur, wielding the +5 hand axe "Kameq" {drain, rPois Int+2 Dex+3} and wearing a +2 plate armour of cold resistance (flame, moderately wounded)
The minotaur is heavily wounded.
You feel life coursing into your body.
Casting: Vampiric Draining (safe; 1% risk of failure)
Confirm with . or Enter, or press ? or * to list all spells.
Aiming: Vampiric Draining (safe; 1% risk of failure)
Press: ? - help, Shift-Dir - straight line, f/p - minotaur
Aim: a minotaur, wielding the +5 hand axe "Kameq" {drain, rPois Int+2 Dex+3} and wearing a +2 plate armour of cold resistance (flame, heavily wounded)
The minotaur is heavily wounded.
You feel life coursing into your body.
The minotaur is engulfed in blazing flames.
The minotaur hits you with the +5 hand axe "Kameq" {drain, rPois Int+2 Dex+3}!!
Ouch! That really hurt!
You die...
Kikubaaqudgha rasps: "You have failed me!
Welcome... oblivion!"

#..#.#....^#.#...#.#.%...#.#...#.
#..#...!©[}..#...#....©....#.8.##
#..###########...###########...##
#.............§..................
#§...........§§∩§................
#################################
#8##≈...............≈##8# #8#
####8.8.8..©.©(.8.8.8#### ###
#≈........@......≈#
###.##.##H##.##.###
#.##.##.##.##.# .. ... #.# .##.
#. . .# .. .. . .# #.


You could see a minotaur.

Vanquished Creatures
  2 two-headed ogres
  Pikel (D:8)
  2 spiny frogs (Lair:1)
  A tengu conjurer (Gauntlet)
  A troll (D:10)
  A hornet (D:9)
  Grinder (D:3)
  Prince Ribbit (D:4)
  4 flying skulls (Gauntlet)
  2 hippogriffs
  3 centaur simulacra (Gauntlet)
  A wyvern (D:7)
  A hungry ghost (D:7)
  Grum (D:8)
  3 vampire mosquitoes (D:10)
  An acid dragon (D:11)
  A water moccasin (D:7)
  3 ice beasts
  2 sky beasts
  4 slaves (D:8)
  A black bear (D:10)
  2 orc warriors
  2 necrophages
  4 phantoms
  7 wolves
  3 ogres
  A centaur (D:9)
  A crocodile (D:8)
  A big kobold (D:9)
  A spiny frog simulacrum (Gauntlet)
  8 bullfrogs
  A water moccasin zombie (D:5)
  4 scorpions
  3 killer bees (D:9)
  2 howler monkeys
  2 electric eels
  2 crimson imps
  9 hounds
  4 orc priests
  4 centaur skeletons
  5 jellies
  5 orc wizards
  Crazy Yiuf (D:4)
  2 iguanas
  Natasha (thrice) (D:2)
  12 worker ants
  A bullfrog simulacrum (Gauntlet)
  A hound zombie (D:5)
  A hound skeleton (D:7)
  Robin (D:2)
  4 gnolls (D:7)
  A howler monkey skeleton (D:5)
  9 adders
  4 shadow imps
  3 oozes
  An adder skeleton (D:9)
  2 adder zombies
  2 worms
  9 dart slugs (D:3)
  6 leopard geckos
  37 orcs
  5 bats
  3 giant cockroaches
  16 goblins
  20 hobgoblins
  4 jackals (D:2)
  5 quokkas
  2 ball pythons
  3 frilled lizards (D:1)
  5 kobolds
  A quokka skeleton (D:4)
  4 rats
276 creatures vanquished.

Vanquished Creatures (collateral kills)
  A tengu warrior (Gauntlet)
  A smoke demon (Gauntlet)
  A tengu conjurer (Gauntlet)
  A red devil (Gauntlet)
  2 hippogriffs (D:9)
  An ogre (D:9)
  3 crimson imps (Gauntlet)
  A jelly (D:9)
  An adder (D:9)
  A shadow imp (D:9)
13 creatures vanquished.

Vanquished Creatures (others)
  14 withered plants (Gauntlet)
14 creatures vanquished.

Grand Total: 303 creatures vanquished

Notes
Turn   | Place    | Note
-------+----------+-------------------------------------------
     0 | D:1      | 1994 the Mummy Wizard began the quest for the Orb.
     0 | D:1      | Reached XP level 1. HP: 13/13 MP: 5/5
   158 | D:1      | Reached skill level 1 in Conjurations
   342 | D:1      | Reached XP level 2. HP: 19/19 MP: 5/7
   346 | D:1      | Learned a level 2 spell: Blink
  1167 | D:2      | Reached XP level 3. HP: 23/24 MP: 2/8
  1671 | D:2      | Learned a level 3 spell: Conjure Flame
  1735 | D:2      | Noticed Natasha
  1743 | D:2      | Killed Natasha
  1743 | D:2      | Reached XP level 4. HP: 30/30 MP: 8/10
  2042 | D:2      | Noticed Robin
  2185 | D:2      | Killed Robin
  2251 | D:2      | Noticed Natasha
  2329 | D:2      | Killed Natasha
  2329 | D:2      | Reached XP level 5. HP: 23/35 MP: 9/12
  2548 | D:2      | Noticed Natasha
  2558 | D:2      | Killed Natasha
  2558 | D:2      | Reached skill level 5 in Spellcasting
  3019 | D:3      | Noticed Grinder
  3182 | D:3      | Reached XP level 6. HP: 23/41 MP: 11/14
  3506 | D:3      | Found an iron altar of Okawaru.
  3520 | D:3      | Killed Grinder
  4341 | D:4      | Found a radiant altar of Vehumet.
  4397 | D:4      | Found a glowing golden altar of the Shining One.
  4410 | D:4      | Reached skill level 6 in Spellcasting
  4410 | D:4      | Reached XP level 7. HP: 46/46 MP: 14/16
  4812 | D:4      | Found a runed translucent door.
  4813 | D:4      | Noticed Crazy Yiuf
  4820 | D:4      | Killed Crazy Yiuf
  5275 | D:5      | Entered Level 5 of the Dungeon
  5507 | D:5      | Noticed Prince Ribbit
  5527 | D:4      | Reached skill level 5 in Conjurations
  5595 | D:4      | Killed Prince Ribbit
  5595 | D:4      | Reached skill level 7 in Spellcasting
  5595 | D:4      | Reached XP level 8. HP: 9/52 MP: 10/18
  6412 | D:5      | Found a staircase to the Ecumenical Temple.
  6446 | D:5      | Found Jaorumnu's Antique Armour Boutique.
  6475 | Temple   | Entered the Ecumenical Temple
  6670 | Temple   | Became a worshipper of Kikubaaqudgha
  6861 | D:6      | Reached skill level 5 in Dodging
  6861 | D:6      | Reached skill level 8 in Spellcasting
  6934 | D:5      | Reached skill level 1 in Necromancy
  6992 | D:6      | Found a sparkling altar of Nemelex Xobeh.
  7040 | D:6      | Found a white marble altar of Elyvilon.
  7050 | D:6      | Found a shimmering altar of Xom.
  7052 | D:6      | Found a shimmering altar of Xom.
  7053 | D:6      | Found a shimmering altar of Xom.
  7054 | D:6      | Found a shimmering altar of Xom.
  7055 | D:6      | Found a shimmering altar of Xom.
  7938 | D:6      | Learned a level 2 spell: Swiftness
  8125 | D:7      | Reached XP level 9. HP: 57/57 MP: 10/21
  8333 | D:7      | Found Ysui's Magic Scroll Emporium.
  8436 | D:7      | Found Naulin's Food Shoppe.
  8803 | D:7      | Reached * piety under Kikubaaqudgha
  8803 | D:7      | Identified Kikubaaqudgha's Incunabulum of Sinister Secrets
                  | (Kikubaaqudgha gifted it to you on level 7 of the Dungeon)
  8803 | D:7      | Received a gift from Kikubaaqudgha
  8807 | D:7      | Learned a level 1 spell: Animate Skeleton
  8809 | D:7      | Learned a level 1 spell: Pain
  8813 | D:7      | Learned a level 3 spell: Vampiric Draining
  8816 | D:7      | Learned a level 2 spell: Corpse Rot
  8857 | D:7      | Reached skill level 9 in Spellcasting
  8977 | D:7      | Reached skill level 5 in Necromancy
  9192 | D:7      | Found Idageihu's Food Shop.
  9529 | D:7      | Found Duidexav's Book Emporium.
  9536 | D:7      | Got a brightly glowing ring mail
  9554 | D:7      | Identified the cursed +0 ring mail "Asyuklip" {rPois} (You
                  | found it on level 7 of the Dungeon)
  9988 | D:7      | Found Xasoh's Jewellery Emporium.
 10609 | D:8      | Found a hide-covered altar of Uskayaw.
 10794 | D:8      | Noticed Pikel
 10823 | D:8      | Killed Pikel
 10823 | D:8      | Reached skill level 10 in Spellcasting
 10823 | D:8      | Reached XP level 10. HP: 49/63 MP: 16/24
 11025 | D:8      | Found an ornate altar of the Wu Jian Council.
 11025 | D:8      | Found a hazy altar of Hepliaklqana.
 11034 | D:8      | Found a roughly hewn altar of Beogh.
 11064 | D:8      | Reached ** piety under Kikubaaqudgha
 11372 | D:8      | Found a sacrificial altar of Ru.
 11537 | D:8      | Found a stormy altar of Qazlal.
 11843 | D:9      | Got a slimy lead ring
 11844 | D:9      | Identified the ring "Meewaos" {-Tele rPois rF+ Stlth+} (You
                  | found it on level 9 of the Dungeon)
 12048 | D:9      | Noticed Grum
 12163 | D:8      | Killed Grum
 12312 | D:9      | Noticed a two-headed ogre
 12321 | D:9      | Killed a two-headed ogre
 12586 | D:9      | Reached *** piety under Kikubaaqudgha
 12586 | D:9      | Identified Kikubaaqudgha's Volume of Necromancy
                  | (Kikubaaqudgha gifted it to you on level 9 of the Dungeon)
 12586 | D:9      | Received a gift from Kikubaaqudgha
 12857 | D:9      | Learned a level 4 spell: Animate Dead
 12863 | D:9      | Learned a level 5 spell: Bolt of Draining
 12869 | D:9      | Learned a level 5 spell: Borgnjor's Vile Clutch
 13028 | D:9      | Found the +8 frozen axe "Frostbite" {freezing cloud, *Noise
                  | +Fly rC+}
 13044 | D:9      | Reached skill level 11 in Spellcasting
 13328 | D:10     | Entered Level 10 of the Dungeon
 13446 | D:10     | Found a portal to a secret trove of treasure.
 13636 | D:10     | Reached skill level 1 in Earth Magic
 13636 | D:10     | Reached XP level 11. HP: 64/68 MP: 3/26
 13766 | D:10     | Found a staircase to the Orcish Mines.
 14202 | D:10     | Noticed a two-headed ogre
 14224 | D:10     | Killed a two-headed ogre
 14363 | D:10     | Found a staircase to the Lair.
 15033 | Lair:1   | Entered Level 1 of the Lair of Beasts
 15049 | Lair:1   | Reached skill level 10 in Necromancy
 15195 | Lair:1   | Found a gate leading to a gauntlet.
 15231 | Gauntlet | Entered a Gauntlet
 15231 | Gauntlet | Found a large runed translucent door.
 15231 | Gauntlet | Found a large runed translucent door.
 15231 | Gauntlet | Found a large runed translucent door.
 15231 | Gauntlet | Found a large runed translucent door.
 15231 | Gauntlet | Found a runed translucent door.
 15231 | Gauntlet | Found a large runed translucent door.
 15231 | Gauntlet | Found a large runed translucent door.
 15231 | Gauntlet | Found a transporter.
 15231 | Gauntlet | Found a transporter.
 15231 | Gauntlet | Found a large runed translucent door.
 15231 | Gauntlet | Found a large runed translucent door.
 15231 | Gauntlet | Found a runed translucent gate.
 15231 | Gauntlet | Found a runed translucent gate.
 15231 | Gauntlet | Found a transporter.
 15231 | Gauntlet | Noticed a blizzard demon
 15231 | Gauntlet | Noticed a tengu warrior
 15232 | Gauntlet | Found a runed translucent door.
 15232 | Gauntlet | Found a runed translucent gate.
 15235 | Gauntlet | Found a transporter.
 15240 | Gauntlet | Found a large runed translucent door.
 15240 | Gauntlet | Found a large runed translucent door.
 15251 | Gauntlet | Found a transporter.
 15252 | Gauntlet | Noticed a balrug
 15276 | Gauntlet | Found a large runed translucent door.
 15276 | Gauntlet | Found a large runed translucent door.
 15279 | Gauntlet | Found a large runed translucent door.
 15279 | Gauntlet | Found a large runed translucent door.
 15280 | Gauntlet | Found a large runed translucent door.
 15281 | Gauntlet | Found a large runed translucent door.
 15310 | Gauntlet | Found a transporter.
 15324 | Gauntlet | Found a transporter.
 15335 | Gauntlet | Found a transporter.
 15345 | Gauntlet | Found a transporter.
 15360 | Gauntlet | Found a transporter.
 15369 | Gauntlet | Found a transporter.
 15394 | Gauntlet | Found a transporter.
 15713 | Gauntlet | Killed a tengu warrior
 15815 | Gauntlet | Learned a level 5 spell: Dispel Undead
 16338 | Gauntlet | Identified the +5 hand axe "Kameq" {drain, rPois Int+2
                  | Dex+3}
 16338 | Gauntlet | Noticed a minotaur
 16351 | Gauntlet | Mangled by a minotaur

Skill      XL: |  1  2  3  4  5  6  7  8  9 10 11 |
---------------+----------------------------------+-----
Conjurations   | 1 2 3 4 5 |  5.9
Stealth        | 2 |  2.0
Dodging        | 2 3 4 5 6 7 8 |  8.0
Spellcasting   | 5 6 7 8 10 11 | 11.6
Necromancy     | 3 7 9 10 | 10.5
Earth Magic    | 1 2 |  2.8
Summonings     | |  0.7
Translocations | |  0.7

Action                   |  1- 3 |  4- 6 |  7- 9 | 10-12 || total
-------------------------+-------+-------+-------+-------++-------
Melee: Dagger            |    45 |   134 |   151 |    51 ||   381
 Cast: Magic Dart        |    72 |    54 |   297 |    89 ||   512
       Blink             |       |     4 |     6 |     1 ||    11
       Conjure Flame     |       |       |     9 |     5 ||    14
       Pain              |       |       |    65 |   197 ||   262
       Vampiric Draining |       |       |     5 |    39 ||    44
       Animate Skeleton  |       |       |     1 |     5 ||     6
       Borgnjor's Vile C |       |       |       |     8 ||     8
       Bolt of Draining  |       |       |       |     6 ||     6
       Dispel Undead     |       |       |       |    10 ||    10
       Animate Dead      |       |       |       |     2 ||     2
Invok: Receive Corpses   |       |       |       |     2 ||     2
  Use: Scroll            |       |       |     7 |     7 ||    14
 Stab: Sleeping          |     1 |     1 |     1 |       ||     3
Armor: Robe              |    10 |     4 |       |    23 ||    37
       Leather armour    |       |    24 |    76 |    24 ||   124
Dodge: Dodged            |    35 |    85 |   166 |   135 ||   421
